 Dungeon Crawl Stone Soup version 0.21.1-72-gffa868e (webtiles) character file.

123 taaruk the Poker (level 4, 0/41 HPs)
             Began as a Minotaur Berserker on Aug 6, 2018.
             Was a Believer of Trog.
             Killed by nerve-wracking pain
             ... invoked by a shadow imp
              (1 damage)
             ... on level 3 of the Dungeon.
             The game lasted 00:11:36 (2011 turns).

taaruk the Poker (Minotaur Berserker)               Turns: 2011, Time: 00:11:37

Health: 0/41       AC:  5    Str: 22    XL:     4   Next: 80%
Magic:  3/3        EV: 12    Int:  4    God:    Trog [**....]
Gold:   94         SH:  0    Dex: 10    Spells: 3/3 levels left

rFire    . . .     SeeInvis .   a - +0 spear
rCold    . . .     Gourm    .   (no shield)
rNeg     . . .     Faith    .   g - +0 leather armour
rPois    .         Spirit   .   (helmet restricted)
rElec    .         Reflect  .   i - +0 cloak
rCorr    .         Harm     .   (no gloves)
MR       .....                  p - +0 pair of boots
Stlth    +.........             v - amulet of inaccuracy (curse)
HPRegen  0.13/turn              (no ring)
MPRegen  0.08/turn              (no ring)

@: no status effects
A: retaliatory headbutt, horns 2
a: Berserk, Trog's Hand, Burn Spellbooks, Renounce Religion


You were on level 3 of the Dungeon.
You worshipped Trog.
Trog was pleased with you.
You were hungry.

You visited 1 branch of the dungeon, and saw 3 of its levels.

You collected 94 gold pieces.

Inventory:

Hand Weapons
 a - a +0 spear (weapon)
Armour
 g - a +0 leather armour (worn)
 i - a +0 cloak (worn)
 p - a +0 pair of boots (worn)
Jewellery
 v - a cursed amulet of inaccuracy (around neck)
Wands
 w - a wand of flame (29)
Scrolls
 b - 3 scrolls of identify
 e - a scroll of amnesia
 j - a scroll of blinking
 l - a scroll of fear {unknown}
 n - a scroll of magic mapping {unknown}
 o - a scroll of enchant armour {unknown}
 r - a scroll of fog {unknown}
 s - a scroll of immolation {unknown}
Potions
 d - a potion of brilliance {unknown}
 f - 2 potions of magic {unknown}
 h - a potion of ambrosia {unknown}
 k - 2 potions of curing {unknown}
 m - a potion of flight {unknown}
 t - a potion of degeneration {unknown}
 u - a potion of cancellation {unknown}
Comestibles
 c - 3 rations
 q - 3 chunks of flesh


   Skills:
 + Level 4.3 Fighting
 + Level 5.6 Polearms
 + Level 3.3 Armour
 + Level 2.6 Dodging


You had 3 spell levels left.
You didn't know any spells.

Dungeon Overview and Level Annotations

Branches:
Dungeon (3/15)

Altars:

Annotations:
D:3 Ijyb


Innate Abilities, Weirdness & Mutations

You reflexively headbutt those who attack you in melee.
You have a pair of horns on your head.


Message History

The shadow imp shouts, "Slither away, thou obnoxious hasty-witted bovine!"
Ijyb screams, "You nasty!
Big nasty!"
The giant cockroach waves its antennae.
Ijyb screams, "I dance on your bones!" The shadow imp gestures at you.
Pain shoots through your body!
The shadow imp summons a swarm of flies.
You are feeling hungry.
The shadow imp gestures at you. Pain shoots through your body!
The shadow imp gestures at you. Pain shoots through your body!
* * * LOW HITPOINT WARNING * * *
There is an open door here.
The orc priest invokes the aid of Beogh against you.
Pain shoots through your body!
* * * LOW HITPOINT WARNING * * *
The shadow imp gestures at you. Pain shoots through your body!
You die...

#..## # ....####+####.#
#...#### )...#.≈...≈.#.#
#.#)..# ...#.≈...≈.#.#
##.###.## #.#.≈≈≈≈≈.#.#
#..# #.#. #.#.≈≈⌠≈≈.#.#
#.## #.#.
#.#.≈≈≈P≈.#.###.####.#.
#.#5≈...≈5#.##.....#...
#S#o≈.@.≈5#...........#
#.####'####...........#
g.#.#P.....P#.........)..
#...#8P.©.P8#(.........#.
##..#########..........#.
#.....gs..............#.
##..##................#.
##. ##..............##.
#. ##............###.


You could see Ijyb, an orc priest, an adder, 3 shadow imps and a giant
cockroach.

Vanquished Creatures
  5 adders
  A howler monkey skeleton (D:2)
  An ooze (D:2)
  3 worms (D:2)
  2 dart slugs (D:2)
  3 leopard geckos
  11 bats
  4 goblins
  5 hobgoblins
  4 jackals (D:1)
  A quokka (D:2)
  2 frilled lizards (D:2)
  6 kobolds
  6 rats
54 creatures vanquished.

Notes
Turn   | Place    | Note
-------+----------+-------------------------------------------
     0 | D:1      | taaruk the Minotaur Berserker began the quest for the Orb.
     0 | D:1      | Reached XP level 1. HP: 19/19 MP: 0/0
   149 | D:1      | Reached skill level 4 in Polearms
   149 | D:1      | Reached XP level 2. HP: 21/27 MP: 1/1
   811 | D:2      | Reached XP level 3. HP: 17/33 MP: 2/2
   812 | D:2      | Reached ** piety under Trog
  1077 | D:2      | Reached XP level 4. HP: 7/40 MP: 3/3
  1383 | D:2      | Reached skill level 5 in Polearms
  1938 | D:3      | Found a transporter.
  1980 | D:3      | Noticed Ijyb
  2011 | D:3      | HP: 1/41 [orc priest/nerve-wracking pain (7)]
  2011 | D:3      | Killed from afar by a shadow imp

Skill      XL: |  1  2  3  4 |
---------------+-------------+-----
Polearms       | 4 5 |  5.6
Fighting       | 4 |  4.3
Armour         | 3 |  3.3
Dodging        | |  2.6

Action                   |  1- 3 |  4- 6 || total
-------------------------+-------+-------++-------
Melee: Spear             |    98 |    43 ||   141
       Headbutt          |    14 |     8 ||    22
Invok: Burn Spellbooks   |     1 |       ||     1
  Use: Scroll            |       |     2 ||     2
  Eat: Chunk             |       |     3 ||     3
Armor: Animal skin       |     6 |       ||     6
       Leather armour    |    19 |    13 ||    32
Dodge: Dodged            |    46 |    22 ||    68
